 Dungeon Crawl Stone Soup version 0.31.0-12-g77e489cdc1 (webtiles) character file.

Game seed: 9937710206482603441

345 booth the Ducker (level 6, 0/46 HPs)
             Began as a Djinni Hedge Wizard on Feb 13, 2024.
             Was an Initiate of Ashenzari.
             Slain by an ice beast (19 damage)
             ... on level 5 of the Dungeon on Feb 14, 2024.
             The game lasted 00:27:38 (4214 turns).

booth the Ducker (Djinni Hedge Wizard)              Turns: 4214, Time: 00:27:39

Health: 0/46       AC:  4    Str: 11    XL:     6   Next: 89%
Gold:   182        EV: 13    Int: 15    God:    Ashenzari [......] SH:  0 Dex: 13

rFire   + + .        a - +0 dagger
rCold   x . .        (no shield)
rNeg    . . .        i - +0 leather armour
rPois   ∞            c - +0 hat
rElec   .            (no cloak)
rCorr   .            g - +0 pair of gloves
SInv    .            (boots unavailable)
Will    .....        (no amulet)
Stlth   ++           (no ring)
HPRegen 0.27/turn    (no ring)
MPRegen 0.00/turn

%: infuse magic (-1 HP)
@: flying
A: sickness immunity, fire resistance 2, cold vulnerability 1, float, innate
caster, HP casting, extra vitality 1
a: Renounce Religion


You were on level 5 of the Dungeon.
You worshipped Ashenzari.
Ashenzari was noncommittal.
You visited 2 branches of the dungeon, and saw 6 of its levels.
You also visited: Ossuary.

You collected 182 gold pieces.

Inventory:

Hand Weapons
 a - a +0 dagger (weapon)
Armour
 b - a +0 robe
 c - a +0 hat (worn)
 g - a +0 pair of gloves (worn)
 i - a +0 leather armour (worn)
Wands
 t - a wand of flame (15)
Scrolls
 d - a scroll of silence {unknown}
 e - a scroll of enchant armour {unknown}
 f - 2 scrolls of teleportation
 h - a scroll of noise
 j - a scroll of fog
 k - a scroll of vulnerability
 o - 2 scrolls of immolation {unknown}
 q - a scroll of summoning {unknown}
 r - a scroll of amnesia {unknown}
Potions
 l - 4 potions of curing
 m - a potion of brilliance {unknown}
 n - 2 potions of degeneration {unknown}
 p - 2 potions of might {unknown}


   Skills:
 + Level 3.2 Fighting
 + Level 4.6 Dodging
 - Level 1.9 Stealth
 + Level 4.2 Spellcasting
 + Level 4.2 Conjurations
 + Level 4.2 Hexes
 + Level 4.2 Summonings
 + Level 4.2 Necromancy
 + Level 4.2 Translocations
 + Level 4.2 Fire Magic
 + Level 4.2 Ice Magic
 + Level 4.2 Air Magic
 + Level 4.2 Earth Magic
 + Level 4.2 Alchemy


You knew the following spells:

 Your Spells              Type           Power      Damage    Failure   Level
a - Magic Dart            Conj           60%        1d6       4%          1
b - Slow                  Hex            60%        N/A       4%          1
c - Blink                 Tloc           30%        N/A       6%          2
d - Call Imp              Summ           30%        N/A       6%          2
e - Mephitic Cloud        Conj/Alch/Air  15%        N/A       12%         3
f - Summon Small Mammal   Summ           60%        N/A       4%          1
g - Static Discharge      Conj/Air       30%        3-5/arc   6%          2
Your spell library was empty.

Dungeon Overview and Level Annotations

Branches:
Dungeon (5/15)             Temple (1/1) D:4         Ossuary (visited)

Altars:
Ashenzari
Cheibriados
Fedhas
Hepliaklqana
Nemelex Xobeh
Qazlal
Ru
Wu Jian
Xom
Yredelemnul
The Shining One

Shops:
D:4 :


Innate Abilities, Weirdness & Mutations

You are immune to sickness and miasma.
You are immune to poison.
Your flesh is very heat resistant. (rF++)
You are vulnerable to cold. (rC-)
You float through the air rather than walking.
You learn spells naturally, not from books.
Your magical power is your life essence.
You have superior vitality. (+4 MHP)


Message History

Your cerulean imp hits the ice beast but does no damage.
You barely miss the ice beast.
The ice beast is moderately wounded.
The ice beast hits you but does no damage.
Your cerulean imp hits the ice beast with a -3 spear.
You hit the ice beast but do no damage.
The ice beast is moderately wounded.
The ice beast misses you.
Your cerulean imp barely misses the ice beast.
You closely miss the ice beast.
The ice beast is moderately wounded.
The ice beast barely misses you.
Your cerulean imp completely misses the ice beast.
You hit the ice beast but do no damage.
The ice beast is moderately wounded.
The ice beast hits you but does no damage.
Your cerulean imp hits the ice beast but does no damage.
You closely miss the ice beast.
The ice beast is moderately wounded.
The ice beast completely misses you.
Your cerulean imp misses the ice beast.
You barely miss the ice beast.
The ice beast is moderately wounded.
The ice beast closely misses you.
Your cerulean imp hits the ice beast but does no damage.
You barely miss the ice beast.
The ice beast is moderately wounded.
The ice beast hits you but does no damage.
Your cerulean imp barely misses the ice beast.
You closely miss the ice beast.
The ice beast is moderately wounded.
The ice beast barely misses you.
Your cerulean imp hits the ice beast with a -3 spear.
You closely miss the ice beast.
The ice beast is heavily wounded.
The ice beast hits you. The ice beast freezes you!!
You feel a terrible chill!
Your cerulean imp hits the ice beast but does no damage.
You hit the ice beast.
The ice beast is heavily wounded.
The ice beast hits you. The ice beast freezes you!!
You feel a terrible chill!
You die...

........#####>...>.........
............<.......†...###
......... #...........### #
........# #.........##
#.......# ##...####..#
#.......###...## #..#
#.......##....# ##.#
#.)..........## #.##
#........Y@..# ##.#
#....##..5...# #.# #.Y.
###....# #.## ... ##....#
##.# ## #..#.# #.# ##.###
### .# ##


You could see an ice beast (ally target) and a friendly cerulean imp (summoned).

Vanquished Creatures
  An elf zombie (Ossuary)
  A mummy (Ossuary)
  2 gnolls (D:4)
  7 adders
  3 dart slugs
  4 endoplasms
  3 giant cockroaches
  3 goblins
  4 hobgoblins
  6 jackals
  6 kobolds
  4 quokkas
  4 ball pythons
  6 bats
  3 frilled lizards
  An orc zombie (Ossuary)
  6 rats
64 creatures vanquished.

Vanquished Creatures (collateral kills)
  A hound (D:4)
  A bombardier beetle (D:4)
  An iguana (D:4)
  2 gnolls (D:4)
  A ribbon worm (D:3)
  A giant cockroach (D:4)
  A hobgoblin (D:2)
  A jackal (D:1)
  A kobold (D:3)
  A rat (D:2)
11 creatures vanquished.

Grand Total: 75 creatures vanquished

Notes
Turn   | Place    | Note
-------+----------+-------------------------------------------
     0 | D:1      | booth the Djinni Hedge Wizard began the quest for the Orb.
     0 | D:1      | booth set off with the following spells memorised: Magic
                  | Dart, Slow, Blink, Call Imp, Mephitic Cloud.
     0 | D:1      | Reached XP level 1. HP: 15/15 MP: 0/0
   124 | D:1      | Reached XP level 2. HP: 19/21 MP: 0/0
   685 | D:1      | Reached XP level 3. HP: 19/26 MP: 0/0
   685 | D:1      | Learned a level 1 spell: Summon Small Mammal
  1468 | D:2      | Reached skill level 1 in Fighting
  1668 | D:3      | Reached XP level 4. HP: 27/32 MP: 0/0
  2619 | D:4      | Reached XP level 5. HP: 37/38 MP: 0/0
  2619 | D:4      | Learned a level 2 spell: Static Discharge
  3123 | D:4      | Found a staircase to the Ecumenical Temple.
  3133 | Temple   | Entered the Ecumenical Temple
  3148 | Temple   | Became a worshipper of Ashenzari the Shackled
  3171 | D:4      | Found a sand-covered staircase.
  3177 | Ossuary  | Entered an ossuary
  3177 | Ossuary  | Found a huge runed translucent gate.
  3177 | Ossuary  | Found a huge runed translucent gate.
  3177 | Ossuary  | Found a huge runed translucent gate.
  3177 | Ossuary  | Found a huge runed translucent gate.
  3177 | Ossuary  | Found a huge runed translucent gate.
  3177 | Ossuary  | Found a huge runed translucent gate.
  3177 | Ossuary  | Found a huge runed translucent gate.
  3177 | Ossuary  | Found a huge runed translucent gate.
  3178 | Ossuary  | Found a huge runed translucent gate.
  3179 | Ossuary  | Found a huge runed translucent gate.
  3179 | Ossuary  | Found a huge runed translucent gate.
  3180 | Ossuary  | Found a huge runed translucent gate.
  3180 | Ossuary  | Found a huge runed translucent gate.
  3186 | Ossuary  | Found a huge runed translucent gate.
  3186 | Ossuary  | Found a huge runed translucent gate.
  3226 | Ossuary  | Reached XP level 6. HP: 10/45 MP: 0/0
  3365 | Ossuary  | Found a huge runed translucent gate.
  3365 | Ossuary  | Found a huge runed translucent gate.
  3365 | Ossuary  | Found a huge runed translucent gate.
  3365 | Ossuary  | Found a huge runed translucent gate.
  3365 | Ossuary  | Found a huge runed translucent gate.
  3366 | Ossuary  | Found a huge runed translucent gate.
  3366 | Ossuary  | Found a huge runed translucent gate.
  3368 | Ossuary  | Found a huge runed translucent gate.
  3368 | Ossuary  | Found a huge runed translucent gate.
  3370 | Ossuary  | Found a huge runed translucent gate.
  3370 | Ossuary  | Found a huge runed translucent gate.
  3372 | Ossuary  | Found a huge runed translucent gate.
  3372 | Ossuary  | Found a huge runed translucent gate.
  3379 | Ossuary  | Found a huge runed translucent gate.
  3379 | Ossuary  | Found a huge runed translucent gate.
  4025 | D:4      | Found Gaobedwy's Vocational Training.
  4125 | D:5      | Entered Level 5 of the Dungeon
  4193 | D:5      | Noticed an ice beast
  4214 | D:5      | Slain by an ice beast

Illustrated notes

Levels and vault maps discovered:
D:1:      heliophobic_arrival_dark_side_of_the_moon, layout_basic,
          amcnicky_mini_rare_corridor_liquid
D:2:      layout_basic
D:3:      layout_loops_ring, eino_tiny_chamber
D:4:      nicolae_cairo_tiling_large_dashed, layout_cave_pods,
          nicolae_ossuary_entry_plus, nicolae_shop_vocational
D:5:      layout_layer_cave, mainiacjoe_overflow_concentric_impassable,
          uniq_menkaure
Temple:   nicolae_temple_god_jail

Skill      XL: |  1  2  3  4  5  6 |
---------------+-------------------+-----
Fighting       | 1 2 3 |  3.2
Dodging        | 3 4 |  4.6
Spellcasting   | 4 |  4.2
Conjurations   | 4 |  4.2
Hexes          | 4 |  4.2
Summonings     | 4 |  4.2
Necromancy     | 4 |  4.2
Translocations | 4 |  4.2
Fire Magic     | 4 |  4.2
Ice Magic      | 4 |  4.2
Air Magic      | 4 |  4.2
Earth Magic    | 4 |  4.2
Alchemy        | 4 |  4.2
Stealth        | |  1.9

Action                     |  1- 3 |  4- 6 || total
---------------------------+-------+-------++-------
  Melee: Dagger            |    41 |    92 ||   133
         Punch             |       |     1 ||     1
   Cast: Magic Dart        |    62 |    90 ||   152
         Call Imp          |     3 |    12 ||    15
         Slow              |     1 |     3 ||     4
         Blink             |     1 |     1 ||     2
         Static Discharge  |       |     4 ||     4
         Summon Small Mamm |       |     2 ||     2
         Mephitic Cloud    |       |     1 ||     1
    Use: Scroll            |     3 |     4 ||     7
         Potion            |       |     3 ||     3
 Armour: Leather armour    |    33 |    60 ||    93
  Dodge: Dodged            |    41 |    62 ||   103
